 Dungeon Crawl Stone Soup version 0.24-a0-378-g94936e539c (webtiles) character file.

Game seed: 14547222444799267738

8234 zorbid the Tainter (level 11, -20/69 HPs)
             Began as an Octopode Venom Mage on June 1, 2019.
             Was a Priest of Okawaru.
             Killed from afar by a fire dragon (34 damage)
             ... with a blast of flame
             ... on level 10 of the Dungeon.
             The game lasted 00:36:16 (11452 turns).

zorbid the Tainter (Octopode Venom Mage)           Turns: 11452, Time: 00:36:16

Health: -20/69     AC:  5    Str: 12    XL:     11   Next: 27%
Magic:  28/29      EV: 17    Int: 18    God:    Okawaru [***...]
Gold:   145        SH:  6    Dex: 15    Spells: 5/23 levels left

rFire    . . .     SeeInvis +   x - +3 trident of the Big Bang {pierce, Str+4}
rCold    + . .     Gourm    .   T - +3 warlock's mirror {reflect}
rNeg     . . .     Faith    .   (helmet restricted)
rPois    .         Spirit   .   i - amulet of regeneration
rElec    .         Reflect  +   o - +4 ring of protection
rCorr    .         Harm     .   A - ring of wizardry
MR       .....                  u - ring of ice
Stlth    ++++......             B - ring of protection from fire
HPRegen  0.61/turn              K - +2 ring of evasion
MPRegen  0.21/turn              F - ring of magical power
                                Q - ring of see invisible
                                (no ring)

@: no status effects
A: almost no armour, stealthy swim, amphibious, 8 rings, constrict 8, camouflage
1, gelatinous body 1
a: Heroism, Renounce Religion


You were on level 10 of the Dungeon.
You worshipped Okawaru.
Okawaru was most pleased with you.
You were not hungry.

You visited 2 branches of the dungeon, and saw 11 of its levels.

You collected 665 gold pieces.
You spent 520 gold pieces at shops.

Inventory:

Hand Weapons
 e - a +0 dagger
 p - a +0 trident
 x - the +3 trident of the Big Bang (weapon) {pierce, Str+4}
   (You found it on level 4 of the Dungeon)

   It inflicts extra damage upon your enemies.
   It affects your strength (+4).
Missiles
 v - 5 boomerangs
 G - 13 poisoned darts (quivered)
 J - a throwing net
Armour
 T - the +3 warlock's mirror (worn) {reflect}
   (You bought it in a shop on level 9 of the Dungeon)
Jewellery
 i - an amulet of regeneration (around mantle)
 o - a +4 ring of protection (left tentacle)
 u - a ring of ice (on tentacle)
 A - a ring of wizardry (right tentacle)
 B - a ring of protection from fire (on tentacle)
 F - a ring of magical power (on tentacle)
 K - a +2 ring of evasion (on tentacle)
 L - an uncursed ring of ice
 Q - a ring of see invisible (on tentacle)
Wands
 t - a wand of disintegration (12)
 C - a wand of acid (13)
 E - a wand of random effects (18)
 H - a wand of flame (12)
 R - a wand of paralysis (11)
Scrolls
 a - 7 scrolls of teleportation
 d - 2 scrolls of random uselessness {unknown}
 g - a scroll of torment {unknown}
 h - 4 scrolls of amnesia
 j - 6 scrolls of remove curse
 k - a scroll of immolation {unknown}
 m - 3 scrolls of magic mapping
 q - 6 scrolls of enchant armour {unknown}
 w - 2 scrolls of enchant weapon {unknown}
 y - a scroll of blinking {unknown}
 D - a scroll of summoning {unknown}
 I - a scroll of fog {unknown}
 M - a scroll of identify
 P - a scroll of noise {unknown}
Potions
 c - a potion of cancellation
 f - 4 potions of curing
 l - 4 potions of haste
 n - 3 potions of heal wounds
 r - 3 potions of might
 s - a potion of agility
 z - 4 potions of flight
 N - a potion of brilliance {unknown}
 O - a potion of resistance {unknown}
Comestibles
 b - 16 rations


   Skills:
 + Level 4.2 Fighting
 - Level 2.6 Short Blades
 * Level 7.6 Polearms
 + Level 2.0 Throwing
 - Level 4.6 Dodging
 - Level 5.4 Stealth
 + Level 0.6 Unarmed Combat
 + Level 6.6 Spellcasting
 + Level 1.0 Conjurations
 - Level 3.0 Hexes
 * Level 2.0 Charms
 * Level 4.4 Summonings
 * Level 1.8 Necromancy
 * Level 6.6 Air Magic
 + Level 8.1 Poison Magic


You had 5 spell levels left.
You knew the following spells:

 Your Spells              Type           Power        Failure   Level  Hunger
a - Sting                 Conj/Pois      ###.         1%          1    None
b - Poisonous Vapours     Pois/Air       ####..       1%          2    None
c - Olgreb's Toxic Radia  Pois           #####...     2%          4    ####...
d - Confusing Touch       Hex            ###...       2%          1    None
e - Mephitic Cloud        Conj/Pois/Air  ###.....     2%          3    ##.....
f - Summon Lightning Spi  Summ/Air       ####....     8%          4    ####...
g - Regeneration          Chrm/Necr      ##........   11%         3    ##.....

Your spell library contained the following spells:

 Spells                   Type           Power        Failure   Level  Hunger
 Summon Small Mammal      Summ           ###.         1%          1    None
 Call Imp                 Summ           ###.....     1%          2    None
 Animate Skeleton         Necr           N/A          3%          1    None
 Pain                     Necr           ##..         3%          1    None
 Call Canine Familiar     Summ           ###.....     4%          3    ##.....
 Summon Guardian Golem    Hex/Summ       ###.....     4%          3    ##.....
 Confuse                  Hex            ###.....     6%          3    ##.....
 Apportation              Tloc           #.....       8%          1    None
 Vampiric Draining        Necr           ##........   11%         3    ##.....
 Gell's Gravitas          Tloc           #.........   22%         3    ##.....
 Summon Ice Beast         Ice/Summ       ###.....     28%         4    ####...
 Animate Dead             Necr           N/A          32%         4    ####...
 Venom Bolt               Conj/Pois      ###.......   32%         5    #####..
 Petrify                  Tmut/Erth      #.......     56%         4    ####...
 Metabolic Englaciation   Hex/Ice        ###.......   69%         5    #####..
 Yara's Violent Unravell  Hex/Tmut       ##........   69%         5    #####..


Dungeon Overview and Level Annotations

Branches:
Dungeon (10/15)            Temple (1/1) D:6             Orc (0/2) D:10
   Lair: D:8-11

Altars:
Ashenzari
Cheibriados
Dithmenos
Elyvilon
Fedhas
Gozag
Hepliaklqana
Kikubaaqudgha
Makhleb
Nemelex Xobeh
Okawaru
Qazlal
Ru
Sif Muna
Trog
Uskayaw
Vehumet
Wu Jian
Xom
Yredelemnul
Zin
The Shining One
Beogh

Shops:
D:9 [   D:10 [**

Annotations:
D:4 exclusion: downstairs
D:6 exclusion: downstairs
D:10 ohad's ghost, novice OpTm


Innate Abilities, Weirdness & Mutations

You cannot wear most types of armour.
You are very stealthy in the water. (Stealth+)
You are amphibious.
You can wear up to eight rings at the same time.
You can use your tentacles to constrict eight enemies at once.
Your skin changes colour to match your surroundings (Stealth+).
Your rubbery body absorbs attacks. (AC +1, EV +1)


Message History

The jelly hits your lightning spire but does no damage.
Your lightning spire shoots out a bolt of lightning at the jelly!
The bolt of electricity hits the jelly!
The jelly dies!
Okawaru accepts your kill.
The bolt of electricity hits the fire dragon!
Ohad's ghost hits your lightning spire but does no damage.
You have 145 gold pieces.
Unknown command.
Ohad's ghost hits your lightning spire but does no damage.
Ohad's ghost hits your lightning spire but does no damage.
Your lightning spire shoots out a bolt of lightning at the fire dragon!
The bolt of electricity hits the fire dragon.
The fire dragon breathes flames at you. The blast of flame hits you!!!
Ouch! That really hurt!
* * * LOW HITPOINT WARNING * * *
The fire dragon breathes flames at you. The blast of flame hits you!!
You die...

...# #...................####
...# ##.#.#.#.#.#<#.#.#..#...
...# #...................#...
...# ##.#.#.#.#.#.#.#.#..#...
...# #...................####
...# ##.#.#.#.#.#.#.#.#......
...# ##...#.#....#..#.......
...#########...#.#...)#..#.......
...............#@##+###..###.....
...............#.....D.....#.....
.......###'#####...(#####..##....
.......#...........##.8.##..#....
.......+...........#.$.$Z#..#####
.......#...........#8$$.$H8.....#
...÷...#...........#∩$8_$W......#
.......#...........#8.$..'......#
......##....########∩.$.$#......#


You could see a fire dragon.

Vanquished Creatures
  A two-headed ogre (D:9)
  Psyche (D:8)
  A queen bee (D:10)
  A troll (D:9)
  A hornet (D:8)
  Prince Ribbit (D:7)
  2 hippogriffs (D:8)
  A vampire (D:10)
  5 yaks (D:10)
  A steam dragon (D:10)
  Edmund (D:5)
  2 ice beasts
  2 orc warriors
  3 phantoms
  2 sky beasts (D:5)
  7 ogres
  4 centaurs
  A big kobold (D:7)
  6 bullfrogs
  A gnoll sergeant (D:8)
  2 scorpions
  10 wights
  13 killer bees (D:10)
  4 howler monkeys
  3 crimson imps
  A bullfrog zombie (D:7)
  A centaur skeleton (D:4)
  7 orc priests
  A bullfrog skeleton (D:9)
  2 jellies (D:8)
  A gnoll shaman (D:8)
  6 hounds
  2 iguanas
  Ijyb (D:3)
  15 orc wizards
  2 worker ants
  A worker ant zombie (D:6)
  12 adders
  9 gnolls
  A shadow imp (D:2)
  2 adder zombies
  4 worms
  3 dart slugs
  5 leopard geckos
  37 orcs
  4 ball pythons
  A bat zombie (D:2)
  A giant cockroach (D:3)
  6 goblins
  6 hobgoblins
  11 jackals
  11 kobolds
  4 quokkas
  6 bats
  5 frilled lizards
  A giant cockroach zombie (D:5)
  A jackal skeleton (D:4)
  A jackal zombie (D:6)
  A quokka skeleton (D:4)
  9 rats
257 creatures vanquished.

Vanquished Creatures (collateral kills)
  A jelly (D:10)
1 creature vanquished.

Grand Total: 258 creatures vanquished

Notes
Turn   | Place    | Note
-------+----------+-------------------------------------------
     0 | D:1      | zorbid the Octopode Venom Mage began the quest for the Orb.
     0 | D:1      | Reached XP level 1. HP: 11/11 MP: 3/3
    32 | D:1      | Reached skill level 4 in Poison Magic
    32 | D:1      | Reached XP level 2. HP: 6/17 MP: 5/5
   293 | D:1      | Learned a level 2 spell: Poisonous Vapours
  1153 | D:1      | You fall into a shaft and drop 1 floor!
  1153 | D:2      | Found a shimmering altar of Xom.
  1159 | D:2      | You fall into a shaft and drop 1 floor!
  1163 | D:3      | Reached XP level 3. HP: 21/21 MP: 6/6
  1345 | D:3      | Noticed an ogre
  1354 | D:3      | Killed an ogre
  1354 | D:3      | Reached skill level 1 in Air Magic
  1354 | D:3      | Reached XP level 4. HP: 27/27 MP: 0/7
  1424 | D:3      | Learned a level 4 spell: Olgreb's Toxic Radiance
  1442 | D:3      | Reached XP level 5. HP: 32/32 MP: 8/8
  2267 | D:2      | Found a transporter.
  2277 | D:2      | Found a transporter.
  2407 | D:2      | Found a white marble altar of Elyvilon.
  2659 | D:2      | Found a faded altar of an unknown god.
  2777 | D:2      | Reached skill level 1 in Short Blades
  2862 | D:2      | Became a worshipper of Elyvilon the Healer
  2926 | D:3      | Reached skill level 1 in Fighting
  2942 | D:3      | Reached XP level 6. HP: 22/38 MP: 3/10
  3227 | D:3      | Noticed Ijyb
  3235 | D:3      | Killed Ijyb
  3499 | D:4      | Reached skill level 5 in Stealth
  3853 | D:4      | Reached * piety under Elyvilon
  3972 | D:4      | Reached skill level 5 in Poison Magic
  3983 | D:4      | Reached XP level 7. HP: 32/43 MP: 4/11
  4070 | D:4      | Got a crystal trident
  4071 | D:4      | Identified the cursed +3 trident of the Big Bang {pierce,
                  | Str+4} (You found it on level 4 of the Dungeon)
  4275 | D:4      | Found a burning altar of Makhleb.
  4352 | D:5      | Entered Level 5 of the Dungeon
  4402 | D:5      | Learned a level 1 spell: Confusing Touch
  4534 | D:5      | Reached ** piety under Elyvilon
  4648 | D:5      | Reached skill level 1 in Hexes
  4736 | D:5      | Reached skill level 1 in Polearms
  4744 | D:5      | Reached XP level 8. HP: 50/50 MP: 13/13
  4753 | D:5      | Found a shattered altar of Ashenzari.
  4944 | D:5      | Learned a level 3 spell: Mephitic Cloud
  5036 | D:5      | Noticed Edmund
  5044 | D:5      | Killed Edmund
  5129 | D:5      | Found a shadowy altar of Dithmenos.
  5453 | D:6      | Reached skill level 6 in Poison Magic
  5695 | D:6      | Found a blossoming altar of Fedhas.
  5837 | D:6      | Found a deep blue altar of Sif Muna.
  5853 | D:6      | Reached *** piety under Elyvilon
  5863 | D:6      | Found a staircase to the Ecumenical Temple.
  5872 | Temple   | Entered the Ecumenical Temple
  6019 | D:6      | Found a glowing silver altar of Zin.
  6949 | D:7      | Reached XP level 9. HP: 54/55 MP: 15/15
  7026 | D:7      | You fall into a shaft and drop 1 floor!
  7226 | D:7      | Reached skill level 5 in Polearms
  7371 | D:7      | Noticed Prince Ribbit
  7380 | D:7      | Killed Prince Ribbit
  7380 | D:7      | Reached skill level 1 in Throwing
  7508 | D:7      | Learned a level 4 spell: Summon Lightning Spire
  7799 | D:8      | Found a glowing golden altar of the Shining One.
  7799 | D:8      | Found a hazy altar of Hepliaklqana.
  7837 | D:8      | Reached skill level 1 in Summonings
  8122 | D:8      | Noticed a hornet
  8125 | D:8      | Killed a hornet
  8125 | D:8      | Reached skill level 5 in Air Magic
  8269 | D:8      | Reached **** piety under Elyvilon
  8289 | D:8      | Reached skill level 5 in Spellcasting
  8379 | D:8      | Reached XP level 10. HP: 63/63 MP: 17/17
  8391 | D:8      | Noticed Psyche
  8404 | D:8      | Killed Psyche
  8839 | D:8      | Found a sparkling altar of Nemelex Xobeh.
  8903 | D:9      | Found a radiant altar of Vehumet.
  9184 | D:9      | Reached skill level 7 in Poison Magic
  9407 | D:9      | Reached ***** piety under Elyvilon
  9441 | D:9      | Found Nutaevow's Armour Shoppe.
  9683 | D:9      | Found an iron altar of Okawaru.
  9705 | D:9      | Fell from the grace of Elyvilon
  9705 | D:9      | Became a worshipper of Warmaster Okawaru
  9742 | D:9      | Noticed a two-headed ogre
  9754 | D:9      | Killed a two-headed ogre
  9754 | D:9      | Reached * piety under Okawaru
  9801 | D:9      | Found a bloodstained altar of Trog.
  9885 | D:9      | Learned a level 3 spell: Regeneration
  9916 | D:10     | Entered Level 10 of the Dungeon
  9956 | D:10     | Found a runed translucent gate.
 10265 | D:10     | Found a runed translucent gate.
 10266 | D:10     | Found a runed translucent gate.
 10267 | D:10     | Found an opulent altar of Gozag.
 10268 | D:10     | Found Pakutsag's Assorted Antiques.
 10268 | D:10     | Noticed ohad's ghost (novice OpTm)
 10268 | D:10     | Noticed a fire dragon
 10276 | D:10     | Reached ** piety under Okawaru
 10327 | D:10     | Reached skill level 1 in Charms
 10338 | D:10     | Reached skill level 1 in Necromancy
 10342 | D:10     | Reached XP level 11. HP: 69/69 MP: 10/20
 10631 | D:10     | Found Kowapat's Elemental Accessories.
 10676 | D:10     | Found Peproc's Antique Armour Boutique.
 10956 | D:10     | Reached *** piety under Okawaru
 11010 | D:10     | Reached skill level 8 in Poison Magic
 11054 | D:10     | Found a staircase to the Orcish Mines.
 11062 | D:10     | Found a roughly hewn altar of Beogh.
 11225 | D:9      | Bought the +3 warlock's mirror {reflect} for 520 gold
                  | pieces
 11225 | D:9      | Found the +3 warlock's mirror {reflect}
 11452 | D:10     | Killed from afar by a fire dragon

Levels and vault maps discovered:
D:1:      psy_arrival_conway, layout_loops_ring
D:2:      layout_rooms, elyvilon_altar_5, gammafunk_temple_overflow_arena,
          chequers_ecumenical_altar_grove
D:3:      layout_loops_ring, first_ration, uniq_ijyb
D:4:      layout_cave_pools, lightli_temple_of_fire
D:5:      minmay_skewed_foursquare, layout_rooms, lemuel_round_altar,
          chequers_serial_rivers_micro_d, hangedman_decor_riveting,
          minmay_misc_feat_hallway, nicolae_dithmenos_through_a_glass_darkly,
          uniq_edmund
D:6:      layout_basic, zin_treasury, lemuel_doored_altar,
          fedhas_altar_fruit_tree, lemuel_temple_firewalk_b
D:7:      layout_loops_ring, uniq_prince_ribbit1
D:8:      layout_gridville, overflow_temple_1_default,
          gammafunk_temple_overflow_wave, uniq_psyche
D:9:      layout_roguey, lemuel_round_altar, vehumet_altar_wand_db,
          okawaru_altar_gauntlet_db, serial_shops, shop
D:10:     layout_irregular_city, minmay_orc_entry_temple_small,
          ebering_ghost_gozag, serial_shops, shop, nicolae_elemental_shop,
          david_nohive_1, grunt_decor_cap, st_stairs_11
Temple:   nicolae_temple_figure_zero

Skill      XL: |  1  2  3  4  5  6  7  8  9 10 11 |
---------------+----------------------------------+-----
Poison Magic   | 4 5 6 7 8 |  8.1
Stealth        | 3 4 5 |  5.4
Air Magic      | 1 2 3 4 5 6 |  6.6
Short Blades   | 1 2 |  2.6
Fighting       | 1 2 3 4 |  4.2
Spellcasting   | 3 4 5 6 |  6.6
Dodging        | 3 4 |  4.6
Hexes          | 1 3 |  3.0
Polearms       | 1 3 6 7 |  7.6
Throwing       | 2 |  2.0
Summonings     | 2 4 |  4.4
Charms         | 1 2 |  2.0
Necromancy     | 1 |  1.8
Unarmed Combat | |  0.6
Conjurations   | |  1.0

Action                   |  1- 3 |  4- 6 |  7- 9 | 10-12 || total
-------------------------+-------+-------+-------+-------++-------
Melee: Unarmed           |    12 |       |       |       ||    12
       Tentacles         |     6 |    16 |    35 |    29 ||    86
       Constrict         |     8 |    26 |    36 |    17 ||    87
       Dagger            |    24 |   133 |     1 |       ||   158
       Trident           |       |       |   204 |   167 ||   371
Throw: Boomerang         |       |       |    18 |       ||    18
 Cast: Sting             |     2 |       |       |       ||     2
       Poisonous Vapours |     4 |    12 |    53 |    59 ||   128
       Olgreb's Toxic Ra |       |     2 |     8 |    26 ||    36
       Confusing Touch   |       |       |     3 |     5 ||     8
       Summon Lightning  |       |       |       |     1 ||     1
  Use: Scroll            |       |       |    11 |       ||    11
       Potion            |       |       |     2 |       ||     2
 Stab: Sleeping          |     8 |    11 |    11 |    12 ||    42
       Distracted        |       |       |     2 |     2 ||     4
       Confused          |       |       |       |     3 ||     3
  Eat: Chunk             |     1 |     7 |     6 |    11 ||    25
       Ration            |       |     2 |     2 |     1 ||     5
Armor: Skin              |     2 |    20 |    26 |    21 ||    69
Dodge: Dodged            |    26 |   102 |   133 |   102 ||   363

Table legend:
 A = Non-vault XP
 B = Vault XP
 C = Vault XP percentage of total XP
 D = Non-vault monster count
 E = Vault monster count
 F = Vault count percentage of total count
                 A         B        C        D         E       F
            +---------+---------+-------+---------+---------+-------
      Total |    9063 |    2701 |  23.0 |     212 |      46 |  17.8
            +---------+---------+-------+---------+---------+-------
        D:1 |      33 |       0 |   0.0 |      12 |       0 |   0.0
        D:2 |      55 |      19 |  25.7 |      14 |       5 |  26.3
        D:3 |     270 |      36 |  11.8 |      24 |       1 |   4.0
        D:4 |     374 |       0 |   0.0 |      18 |       0 |   0.0
        D:5 |     702 |     335 |  32.3 |      22 |       5 |  18.5
        D:6 |     166 |       0 |   0.0 |      12 |       0 |   0.0
        D:7 |     880 |     274 |  23.7 |      28 |       1 |   3.4
        D:8 |    2165 |     424 |  16.4 |      38 |       1 |   2.6
        D:9 |    2020 |      22 |   1.1 |      21 |       7 |  25.0
       D:10 |    2398 |    1591 |  39.9 |      23 |      26 |  53.1
            +---------+---------+-------+---------+---------+-------
